AoeStats
← 魔法少年賈K

Arabia

512302807Analyzed
1v1 RM · 11d ago on Oct 9, 2026· 27m 5s· 2 players
Game mode
Random Map
Map size
Tiny (2 player)
Population
200
Speed
Normal
Resources
Standard
Victory
Conquest
Starting age
Dark Age
Ending age
Imperial Age
RankedLock teamsTeams togetherTeam positionsShared explorationLock speedFull tech treeHidden civsTurbo modeCheats
Victory
Defeat
🇦🇷 Mongols · Argentina
1085
+15
vs
🇹🇼 Poles · Taiwan
1058
-15
中國人來一隊
7:59 Loom
10:24 Feudal Age
11:29 Double-Bit Axe
22:36 Castle Age
20:37 Gold Mining
20:36 Horse Collar
23:00 Scale Mail Armor
23:11 Forging
23:34 Bloodlines
24:16 Pikeman
24:56 Squires
24:50 Light Cavalry
26:14 Iron Casting
魔法少年賈K
5:46 Loom
9:34 Feudal Age
10:14 Horse Collar
21:01 Castle Age
19:49 Fletching
20:00 Padded Archer Armor
19:58 Double-Bit Axe
20:41 Loom
21:49 Bodkin Arrow
22:37 Leather Archer Armor
24:09 Ballistics
24:27 Husbandry
26:59 Pikeman
Connection lost

Rejoining the realm…

Still unreachable

The connection could not be restored.

Session expired

The server has moved on; the page needs a fresh start.